 Dungeon Crawl Stone Soup version 0.21-a0-414-gba8bdf1 (webtiles) character file.

930 Ijustatesigmund the Sneak (level 8, -1/54 HPs)
             Began as an Octopode Fighter on Nov 2, 2017.
             Slain by an orc warrior
             ... wielding a +0 mace
              (20 damage)
             ... on level 6 of the Dungeon.
             The game lasted 00:10:12 (4785 turns).

Ijustatesigmund the Sneak (Octopode Fighter)        Turns: 4785, Time: 00:10:13

Health: -1/54      AC:  1    Str: 15    XL:     8   Next: 11%
Magic:  17/17      EV: 13    Int: 10    God:
Gold:   243        SH:  9    Dex: 16    Spells: 7/7 levels left

rFire    . . .     SeeInvis .   a - +0 flail
rCold    . . .     Gourm    .   b - +0 shield
rNeg     . . .     Faith    .   (helmet restricted)
rPois    .         Spirit   .   (no amulet)
rElec    .         Reflect  .   e - +2 ring of dexterity
rCorr    .         Harm     .   p - ring of magical power
MR       .....                  (no ring)
Stlth    ++++......             (no ring)
HPRegen  0.18/turn              (no ring)
MPRegen  0.15/turn              (no ring)
                                (no ring)
                                (no ring)

@: no status effects
A: almost no armour, stealthy swim, amphibious, 8 rings, constrict 8, camouflage
1, gelatinous body 1
a: no special abilities


You were on level 6 of the Dungeon.
You were not hungry.

You visited 1 branch of the dungeon, and saw 6 of its levels.
You also visited: Sewer.

You collected 243 gold pieces.

Inventory:

Hand Weapons
 a - a +0 flail (weapon)
 q - a +0 blowgun
Missiles
 n - a throwing net (quivered)
 r - 16 poisoned needles
 u - 6 curare-tipped needles
Armour
 b - a +0 shield (worn)
Jewellery
 e - a +2 ring of dexterity (left tentacle)
 p - a ring of magical power (right tentacle)
Wands
 c - a wand of flame (25/48)
 g - a wand of polymorph (18/24)
Scrolls
 f - 3 scrolls of fog
 i - 4 scrolls of identify
 m - a scroll of teleportation
Potions
 l - 3 potions of flight
 s - a potion of curing
 t - 2 potions of heal wounds
Comestibles
 d - 6 bread rations
 h - 7 fruits
 j - 3 royal jellies
 k - 2 meat rations


   Skills:
 + Level 3.8 Fighting
 + Level 5.3 Maces & Flails
 - Level 4.6 Throwing
 + Level 3.7 Dodging
 - Level 5.4 Stealth
 + Level 3.7 Shields


You had 7 spell levels left.
You didn't know any spells.

Dungeon Overview and Level Annotations

Branches:
Dungeon (6/15)
 Temple: D:4-7

Altars:
Sif Muna


Innate Abilities, Weirdness & Mutations

You cannot wear most types of armour.
You are very stealthy in the water. (Stealth+)
You are amphibious.
You can wear up to eight rings at the same time.
You can use your tentacles to constrict eight enemies at once.
Your skin changes colour to match your surroundings (Stealth+).
Your rubbery body absorbs attacks. (AC +1, EV +1)


Message History

You hit the orc wizard but do no damage.
You grab the orc wizard.
You constrict the orc wizard, but do no damage.
The orc wizard barely misses you. The orc warrior hits you with a mace!
You closely miss the orc warrior. Your grab misses the orc warrior.
You constrict the orc wizard. You block the orc wizard's attack.
You block the orc warrior's attack.
You hit the orc warrior. You grab the orc warrior.
The orc warrior is lightly wounded.
You constrict the orc warrior, but do no damage.
You constrict the orc wizard. You block the orc wizard's attack.
The orc warrior closely misses you.
The orc wizard gestures at you while chanting.
The magic dart hits you!
You hit the orc warrior. You squeeze the orc warrior.
The orc warrior is moderately wounded.
You constrict the orc warrior. You constrict the orc wizard.
The orc wizard mumbles some strange words.
The orc wizard seems to speed up.
The orc warrior hits you with a mace!!
You die...

#.# ##.#######
.......... .#
##.###.#####.# .
#.........#.# ### .
#.###...#.#.# #.##.
#.. #.#.#.#.###...###
### #.#.#.#..##o#...
#.#.#.#..##@#..#
#.#.#....##o#..###.#.
..#.#.#..##o#...o..o.
....#.#....oo...oo...
#...............#....
## #+#.#...........#
... .#
..#.#...#....o.. < .+
............#..#...
.#
................#...


You could see an orc warrior, 2 orc wizards and 2 orcs.

Vanquished Creatures
  A phantom (D:4)
  A big kobold (Sewer)
  2 bullfrogs (D:6)
  3 wights (D:6)
  An orc wizard (D:4)
  2 orc priests
  2 iguanas (D:4)
  6 worker ants
  5 gnolls
  4 adders
  4 river rats
  An ooze (D:3)
  An adder zombie (D:6)
  7 worms
  An adder skeleton (D:4)
  3 dart slugs
  4 leopard geckos
  3 orcs (D:4)
  3 giant cockroaches
  5 goblins
  9 hobgoblins
  4 jackals
  3 quokkas
  2 ball pythons (D:2)
  15 bats
  4 frilled lizards
  9 kobolds
  A leopard gecko zombie (D:6)
  4 rats
110 creatures vanquished.

Notes
Turn   | Place    | Note
-------+----------+-------------------------------------------
     0 | D:1      | Ijustatesigmund the Octopode Fighter began the quest for the Orb.
     0 | D:1      | Reached XP level 1. HP: 16/16 MP: 1/1
   123 | D:1      | Reached XP level 2. HP: 16/21 MP: 2/2
   396 | D:1      | Reached XP level 3. HP: 22/26 MP: 3/3
   643 | D:2      | Found a faded altar of an unknown god.
  1090 | D:2      | Reached XP level 4. HP: 31/31 MP: 4/4
  2212 | D:3      | Reached skill level 1 in Stealth
  2212 | D:3      | Reached XP level 5. HP: 29/36 MP: 5/5
  2412 | D:3      | Found a deep blue altar of Sif Muna.
  2481 | D:4      | Reached XP level 6. HP: 30/42 MP: 6/6
  3088 | D:4      | Found a glowing drain.
  3094 | Sewer    | Entered a sewer
  3343 | Sewer    | Reached skill level 5 in Maces & Flails
  3343 | Sewer    | Reached skill level 5 in Stealth
  3343 | Sewer    | Reached XP level 7. HP: 25/46 MP: 7/7
  3515 | Sewer    | Found a white marble altar of Elyvilon.
  3969 | D:4      | Reached skill level 1 in Throwing
  4224 | D:5      | Entered Level 5 of the Dungeon
  4242 | D:5      | Noticed a two-headed ogre
  4244 | D:5      | Noticed a fire dragon
  4244 | D:5      | a two-headed ogre changed into a fire dragon
  4776 | D:6      | Reached XP level 8. HP: 48/54 MP: 8/8
  4785 | D:6      | Slain by an orc warrior

Vault maps used:
D:1:      ncdulo_watergridlock, minmay_misc_feat_tiny
D:2:      first_bread, chequers_ecumenical_altar_simple_redux
D:3:      lemuel_blue_sif_altar
D:4:      gup_sewer_entry_bubbles, minivault_25
D:6:      cheibriados_altar_1, lemuel_temple_firewalk_a, uniq_pikel
Sewer:    sewer_kobolds

Skill      XL: |  1  2  3  4  5  6  7 |
---------------+----------------------+-----
Maces & Flails | 3 4 5 |  5.3
Stealth        | 1 3 5 |  5.4
Throwing       | 4 |  4.6
Fighting       | |  3.8
Dodging        | |  3.7
Shields        | |  3.7

Action                   |  1- 3 |  4- 6 |  7- 9 || total
-------------------------+-------+-------+-------++-------
Melee: Flail             |    54 |   123 |    71 ||   248
       Tentacles         |    15 |    29 |    15 ||    59
       Constrict         |    20 |    34 |    16 ||    70
Evoke: Wand              |       |       |     2 ||     2
  Use: Scroll            |       |     9 |     2 ||    11
       Potion            |       |     5 |     3 ||     8
 Stab: Sleeping          |     6 |    10 |     9 ||    25
  Eat: Chunk             |       |     5 |     5 ||    10
       Royal jelly       |       |     1 |       ||     1
Armor: Skin              |     5 |     9 |     1 ||    15
Dodge: Dodged            |    24 |    61 |    24 ||   109
Block: Shield            |    26 |    74 |    29 ||   129

Table legend:
 A = Spawn XP
 B = Non-spawn XP
 C = Spawn XP percentage of total XP
 D = Spawn monster count
 E = Non-spawn monster count
 F = Spawn count percentage of total count
 G = Total turns spent on level
                    A         B        C        D         E        F      G
               +---------+---------+-------+---------+---------+-------+---------
         Total |       0 |    1329 |   0.0 |       0 |     110 |   0.0 |  4785
               +---------+---------+-------+---------+---------+-------+---------
           D:1 |       0 |      37 |   0.0 |       0 |      13 |   0.0 |   642
           D:2 |       0 |      57 |   0.0 |       0 |      22 |   0.0 |  1065
           D:3 |       0 |      97 |   0.0 |       0 |      25 |   0.0 |   740
           D:4 |       0 |     520 |   0.0 |       0 |      28 |   0.0 |  1557
           D:5 |       0 |      35 |   0.0 |       0 |       2 |   0.0 |   161
           D:6 |       0 |     447 |   0.0 |       0 |      10 |   0.0 |   163
         Sewer |       0 |     136 |   0.0 |       0 |      10 |   0.0 |   457
               +---------+---------+-------+---------+---------+-------+---------
